 Dungeon Crawl Stone Soup version 0.30-a0-757-ga6a79fd877 (webtiles) character file.

Game seed: 8355734073879622012

130 Hubris850 the Firebug (level 5, 0/46 HPs)
             Began as a Meteoran Cinder Acolyte on Feb 9, 2023.
             Was a High Priest of Ignis.
             Slain by arandomgamer's ghost (9 damage)
             ... on level 3 of the Dungeon.
             The game lasted 00:03:41 (563 turns).

Hubris850 the Firebug (Meteoran Cinder Acolyte)      Turns: 563, Time: 00:03:42

Health: 0/46       AC: 10    Str: 15    XL:     5   Next: 64%
Magic:  9/10       EV: 11    Int: 17    God:    Ignis [*****.]
Gold:   8          SH:  0    Dex: 10    Spells: 7/9 levels left

rFire   + . .      SeeInvis .    a - -1 hand axe (flame)
rCold   . . .      Faith    .    d - orb {light}
rNeg    . . .      Spirit   .    b - +0 robe
rPois   .          Reflect  .    f - +0 helmet
rElec   .          Harm     .    (no cloak)
rCorr   .          Rampage  .    (no gloves)
Will    .....                    (no boots)
Stlth   +                        (no amulet)
HPRegen 0.27/turn                (no ring)
MPRegen 0.12/turn                (no ring)

@: fiery-armoured, glowing
A: sense surroundings 1, otherworldly, glowing, explore regen
a: Renounce Religion, Fiery Armour, Foxfire Swarm, Rising Flame


You were on level 3 of the Dungeon.
You worshipped Ignis.
Ignis was extremely pleased with you.
You visited 1 branch of the dungeon, and saw 3 of its levels.

You collected 8 gold pieces.

Inventory:

Hand Weapons
 a - a -1 hand axe of flaming (weapon)
Missiles
 e - 5 javelins (quivered)
Armour
 b - a +0 robe (worn)
 d - an orb of light (worn)
 f - a +0 helmet (worn)
Potions
 c - a potion of attraction {unknown}
 g - a potion of lignification {unknown}


   Skills:
 + Level 4.0 Fighting
 + Level 4.4 Axes
 + Level 1.9 Throwing
 + Level 2.8 Spellcasting
 + Level 4.5 Fire Magic


You had 7 spell levels left.
You knew the following spells:

 Your Spells              Type           Power      Damage    Failure   Level
a - Scorch                Fire           34%        2d6       4%          2

Your spell library contained the following spells:

 Spells                   Type           Power      Damage    Failure   Level


Dungeon Overview and Level Annotations

Branches:
Dungeon (3/15) Zot: 1227

Altars:

Shops:
D:2 :

Annotations:
D:3 arandomgamer's ghost, amateur HOFi


Innate Abilities, Weirdness & Mutations

You passively map a small area around you.
You are easily found by Zot.
You glow in the dark.
You regain HP and MP as you explore.


Message History

You hit the adder. You burn the adder.
The adder is almost dead.
You feel sick.
Arandomgamer's ghost says, "Try not to bleed too much."
The adder bites you.
The adder is burned by your cloak of flames.
You kill the adder!
You hit the adder but do no damage.
You feel sick. The adder barely misses you. The adder bites you.
You are more poisoned.
The adder poisons you!
The adder is burned by your cloak of flames.
The adder is lightly wounded.
You hit the adder. You burn the adder.
The adder is heavily wounded.
You feel sick. The adder bites you.
The adder is burned by your cloak of flames.
The adder is almost dead.
You hit the adder but do no damage.
The adder is almost dead.
You feel sick. The adder bites you.
The adder is burned by your cloak of flames.
You kill the adder!
You hit arandomgamer's ghost but do no damage.
You feel sick. Arandomgamer's ghost hits you.
You barely miss arandomgamer's ghost.
You feel sick.
Arandomgamer's ghost closely misses you.
You hit arandomgamer's ghost. You burn arandomgamer's ghost.
Arandomgamer's ghost is lightly damaged.
You feel sick. Arandomgamer's ghost hits you.
* * * LOW HITPOINT WARNING * * *
Arandomgamer's ghost is burned by your cloak of flames.
Arandomgamer's ghost is lightly damaged.
You feel sick.
Activating: Foxfire Swarm
Press: ? - help, Dir - look around, f - activate Flames leap up around you!
You feel sick.
You are no longer poisoned.
Arandomgamer's ghost hits you!
You die...

##### #...# ######
#..)##########..>..
####...........##.####
#.........####.##.#
#.....†...# #.##.##
#..vvvvv..# #.#...###
#.#vvvvv### #........
*,#vv@vv.#######...##.
*,#vvWvv#............#
*,#v#v#v.#.#####.####.
*,###~#.##.# #.####*
*,*##~###*,# #....#*
*,,,#~# *,* #.##.#
****#~# *,****#.##.#
********* #$#
*,,,,,..##.#*
,,,,>,,,* #~#
*****#####.##


You could see arandomgamer's ghost (ally target).

Vanquished Creatures
  A bullfrog (D:3)
  Robin (D:3)
  2 adders (D:3)
  A dart slug (D:2)
  An endoplasm (D:3)
  2 giant cockroaches (D:1)
  14 goblins
  3 hobgoblins
  2 quokkas
  3 ball pythons
  4 bats
  A kobold (D:2)
  2 rats (D:2)
37 creatures vanquished.

Vanquished Creatures (others)
  4 plants (D:1)
4 creatures vanquished.

Grand Total: 41 creatures vanquished

Notes
Turn   | Place    | Note
-------+----------+-------------------------------------------
     0 | D:1      | Hubris850 the Meteoran Cinder Acolyte began the quest for
                  | the Orb.
     0 | D:1      | Reached XP level 1. HP: 19/19 MP: 3/3
   151 | D:1      | Reached XP level 2. HP: 15/26 MP: 3/5
   165 | D:1      | Learned a level 2 spell: Scorch
   281 | D:2      | Found Zahoys's Vocational Training.
   311 | D:2      | Reached XP level 3. HP: 30/31 MP: 6/6
   495 | D:3      | Noticed Robin
   505 | D:3      | Reached skill level 1 in Throwing
   505 | D:3      | Reached XP level 4. HP: 27/40 MP: 8/8
   510 | D:3      | Killed Robin
   539 | D:3      | Found a runed translucent door.
   541 | D:3      | Noticed a bullfrog
   546 | D:3      | Noticed arandomgamer's ghost (amateur HOFi)
   553 | D:3      | Killed a bullfrog
   554 | D:3      | Reached XP level 5. HP: 38/46 MP: 8/10
   563 | D:3      | Slain by arandomgamer's ghost

Illustrated notes

Levels and vault maps discovered:
D:1:      roderic_crossed_star, layout_loops_ring, serial_forest,
          infiniplex_forest_corner_1, infiniplex_forest_lined_corner,
          infiniplex_forest_split, infiniplex_forest_lined_4_way,
          infiniplex_forest_clump_medium, infiniplex_forest_lined_ring,
          infiniplex_forest_fountain, st_stairs_8
D:2:      layout_basic, shapermc_ecumenical_altar_mp_highgroup,
          chequers_hall_statues_wall_a, nicolae_shop_vocational
D:3:      layout_loops_ring, ebering_ghost_sewer_d, uniq_robin

Skill      XL: |  1  2  3  4 |
---------------+-------------+-----
Spellcasting   | 2 |  2.8
Fire Magic     | 4 |  4.5
Axes           | 4 |  4.4
Throwing       | 1 |  1.9
Fighting       | 4 |  4.0

Action                     |  1- 3 |  4- 6 || total
---------------------------+-------+-------++-------
  Melee: Hand axe          |    63 |    19 ||    82
   Cast: Scorch            |     1 |       ||     1
 Invoke: Fiery Armour      |     1 |       ||     1
         Foxfire Swarm     |       |     1 ||     1
    Use: Scroll            |     2 |       ||     2
 Armour: Robe              |    23 |     3 ||    26
  Dodge: Dodged            |    35 |    10 ||    45

Table legend: (Time is in decaauts)
 A = Elapsed time spent in this place.
 B = Non-inter-level travel time spent in this place.
 C = Inter-level travel time spent in this place.
 D = Time resting spent in this place.
 E = Time spent auto-exploring this place.
 F = Levels seen in this place.
 G = Mean time per level.
                   A        B        C        D        E       F      G
               +--------+--------+--------+--------+--------+-----+--------+
         Total |    571 |    571 |      0 |    100 |    135 |   3 |  190.3 |
       Dungeon |    571 |    571 |      0 |    100 |    135 |   3 |  190.3 |
               +--------+--------+--------+--------+--------+-----+--------+

Top non-repeatable levels by time:
     D:3: 213 daAuts
     D:1: 191 daAuts
     D:2: 165 daAuts
